 Dungeon Crawl Stone Soup version 0.29-a0-187-ga23d9638d5 (webtiles) character file.

Game seed: 3463134745265769425

2279 drugrobin the Spear-Bearer (level 8, -1/61 HPs)
             Began as a Demigod Warper on Feb 21, 2022.
             Slain by a warg (5 damage)
             ... on level 9 of the Dungeon.
             The game lasted 00:30:01 (12357 turns).

drugrobin the Spear-Bearer (Demigod Warper)        Turns: 12357, Time: 00:30:02

Health: -1/61      AC:  8    Str: 29    XL:     8   Next: 95%
Magic:  11/13      EV:  8    Int: 15    God:
Gold:   398        SH:  7    Dex: 13    Spells: 5/10 levels left

rFire   . . .      SeeInvis .   a - +3 trident
rCold   . . .      Faith    .   O - +0 kite shield of the Desolation of Salt {Str+3 Slay+2}
rNeg    . . .      Spirit   .   w - +2 scale mail {Will+}
rPois   .          Reflect  .   (no helmet)
rElec   .          Harm     .   z - scarf {+Inv}
rCorr   .          Rampage  .   (no gloves)
Will    ++...                   (no boots)
Stlth   +.........              E - amulet of magic regeneration
HPRegen 0.20/turn               g - +6 ring of strength
MPRegen 0.53/turn               N - ring of willpower

@: very slightly contaminated
A: high MP 1, forlorn, divine attributes
a: Evoke Invisibility


You were on level 9 of the Dungeon.
You visited 1 branch of the dungeon, and saw 10 of its levels.

You collected 398 gold pieces.

Inventory:

Hand Weapons
 a - a +3 trident (weapon)
 b - a +0 hunting sling
 P - a +0 trident
Missiles
 d - 4 boomerangs of dispersal
 i - 340 stones (quivered)
 n - 7 poisoned darts
 y - a boomerang
 H - 2 javelins
Armour
 j - a +0 leather armour
 w - a +2 scale mail of willpower (worn)
 z - a scarf of invisibility (worn)
 O - the +0 kite shield of the Desolation of Salt (worn) {Str+3 Slay+2}
   (You found it on level 9 of the Dungeon)

   Str:       It affects your strength (+3).
   Slay:      It affects your accuracy & damage with ranged weapons and melee
   (+2).
Jewellery
 g - a +6 ring of strength (left hand)
 E - an amulet of magic regeneration (around neck)
 N - a ring of willpower (right hand)
Wands
 B - a wand of iceblast (10)
 K - a wand of acid (14)
Scrolls
 c - a scroll of blinking
 e - 3 scrolls of immolation {unknown}
 f - 17 scrolls of identify {unknown}
 h - 2 scrolls of fear {unknown}
 k - 2 scrolls of vulnerability {unknown}
 o - 2 scrolls of brand weapon {unknown}
 q - a scroll of amnesia {unknown}
 r - 3 scrolls of teleportation {unknown}
 t - 2 scrolls of silence {unknown}
 C - a scroll of noise {unknown}
 D - 3 scrolls of fog {unknown}
 F - 3 scrolls of enchant armour {unknown}
 J - a scroll of magic mapping {unknown}
 L - 2 scrolls of enchant weapon {unknown}
 M - a scroll of torment {unknown}
Potions
 l - 2 potions of might
 m - a potion of curing
 s - 2 potions of mutation {unknown}
 u - a potion of resistance {unknown}
 v - 3 potions of attraction {unknown}
 A - a potion of brilliance {unknown}
 G - 2 potions of flight {unknown}
 I - a potion of heal wounds {unknown}


   Skills:
 + Level 2.2 Fighting
 * Level 8.5 Polearms
 - Level 0.8 Throwing
 - Level 0.8 Armour
 - Level 1.7 Dodging
 - Level 2.0 Stealth
 + Level 1.1 Shields
 - Level 1.7 Spellcasting
 - Level 5.6 Translocations
 + Level 4.6 Evocations


You had 5 spell levels left.
You knew the following spells:

 Your Spells              Type           Power      Damage    Failure   Level
a - Blink                 Tloc           36%        N/A       26%         2
b - Teleport Other        Tloc           18%        N/A       45%         3

Your spell library contained the following spells:

 Spells                   Type           Power      Damage    Failure   Level
 Gell's Gravitas          Tloc           18%        N/A       45%         3
 Lesser Beckoning         Tloc           18%        N/A       45%         3
 Static Discharge         Conj/Air       1%         N/A       95%         2
 Sublimation of Blood     Necr           1%         N/A       95%         2
 Manifold Assault         Tloc           18%        N/A       99%         5
 Petrify                  Tmut/Erth      1%         N/A       100%        4
 Fireball                 Conj/Fire      0%         3d3       100%        5
 Irradiate                Conj/Tmut      0%         3d14      100%        5
 Iskenderun's Battlesphe  Conj           1%         2d6       100%        5
 Lightning Bolt           Conj/Air       0%         1d11      100%        5
 Conjure Ball Lightning   Conj/Air       0%         3x3d6     100%        6
 Orb of Destruction       Conj           0%         9d5       100%        7
 Maxwell's Capacitive Co  Air            0%         ∞         100%        8


Dungeon Overview and Level Annotations

Branches:
Dungeon (10/15)            Temple (0/1) D:5
   Lair: D:8-11         Orc: D:9-12

Shops:
D:2 *

Annotations:
D:7 Pikel


Innate Abilities, Weirdness & Mutations

You have an increased reservoir of magic. (+10% MP)
You shall have no god before yourself.
Your divine heritage dramatically boosts your attributes as you level up.


Message History

The gnoll hits you with a +0 club.
You closely miss the gnoll.
The gnoll is moderately wounded.
The gnoll hits you with a +0 club.
You hit the gnoll.
The gnoll is severely wounded.
The gnoll hits you with a +0 club. You block the gnoll's attack.
You hit the gnoll.
The gnoll is moderately wounded.
You block the gnoll's attack. The gnoll hits you but does no damage.
You barely miss the gnoll.
The gnoll is moderately wounded.
The gnoll hits you with a +0 club. The gnoll closely misses you.
You closely miss the gnoll.
The gnoll is moderately wounded.
You block the gnoll's attack. The gnoll hits you with a +0 club.
You puncture the gnoll!
You kill the gnoll!
The gnoll hits you with a +0 club.
Things that are here:
a +0 club; a gnoll corpse You closely miss the gnoll.
The gnoll is severely wounded.
The gnoll hits you but does no damage.
You barely miss the gnoll.
The gnoll is severely wounded.
The warg bites you! The gnoll hits you with a +0 club.
* * * LOW HITPOINT WARNING * * *
You barely miss the gnoll.
The gnoll is severely wounded.
You block the warg's attack. The gnoll hits you but does no damage.
The warg bites you!
* * * LOW HITPOINT WARNING * * *
Unknown command.
Casting: Teleport Other (dangerous; 45% risk of failure)
Confirm with . or Enter, or press ? or * to list all spells.
You miscast Blink.
You are very lightly contaminated with residual magic.
Nothing appears to happen.
The warg bites you.
You die...

.........#####.......#.#.#.'.....
.........#...'.#.....'.#...##+###
.........#...#.#.....#.#.........
.##.####'#...#.......###.........
.##.#........###'####............
....#........##.....#.#..........
....######>.#######.#............
..########..'..g..#.######....###
..#.........#.##@.#..##..#....# #
#.###'#######..h..#####..#....# #
......................#..#....# #
............#.........#..'....# #
##....................#..########
#....................#..##..'...
#.#.....#####........#####..#.#.
#....................########...
#####................#..##..#...


You could see a warg and a gnoll.

Vanquished Creatures
  A wyvern (D:10)
  A steam dragon (D:10)
  A water moccasin (D:8)
  A black bear (D:5)
  A sky beast (D:7)
  An ice beast (D:5)
  2 centaurs
  2 ogres (D:5)
  4 lemures
  A gnoll sergeant (D:8)
  2 scorpions
  A wyvern skeleton (D:6)
  8 killer bees
  3 howler monkeys
  A centaur zombie (D:6)
  A jelly (D:8)
  4 hounds
  A centaur skeleton (D:6)
  Jessica (D:3)
  2 iguanas (D:4)
  An orc wizard (D:10)
  A hound skeleton (D:4)
  A howler monkey zombie (D:8)
  8 adders
  8 gnolls
  A shadow imp (D:8)
  2 white imps
  2 ufetubi (D:4)
  4 adder skeletons (D:4)
  An adder zombie (D:5)
  A worm (D:3)
  A dart slug (D:2)
  10 orcs
  7 ball pythons
  A bat skeleton (D:2)
  4 endoplasms
  4 giant cockroaches
  3 goblins
  6 hobgoblins
  A jackal (D:1)
  A quokka (D:1)
  5 bats
  2 frilled lizards (D:2)
  6 kobolds
  2 rats
122 creatures vanquished.

Notes
Turn   | Place    | Note
-------+----------+-------------------------------------------
     0 | D:1      | drugrobin the Demigod Warper began the quest for the Orb.
     0 | D:1      | Reached XP level 1. HP: 17/17 MP: 5/5
    68 | D:1      | Reached skill level 2 in Polearms
   328 | D:1      | Reached XP level 2. HP: 24/24 MP: 7/7
   659 | D:1      | Learned a level 2 spell: Blink
   797 | D:2      | Reached skill level 3 in Polearms
   948 | D:1      | Reached XP level 3. HP: 21/29 MP: 5/8
  1132 | D:2      | Found Rotof's General Store.
  2216 | D:3      | Reached skill level 4 in Polearms
  2315 | D:3      | Noticed Jessica
  2473 | D:4      | Learned a level 3 spell: Teleport Other
  2627 | D:4      | Reached XP level 4. HP: 25/36 MP: 9/9
  3050 | D:3      | Killed Jessica
  3413 | D:2      | Reached skill level 1 in Stealth
  3917 | D:3      | Reached XP level 5. HP: 38/41 MP: 10/10
  4158 | D:4      | Noticed a necrophage
  4782 | D:4      | Reached skill level 5 in Polearms
  5063 | D:4      | You fall into a shaft and drop 3 floors!
  5063 | D:7      | Noticed a centaur
  5079 | D:7      | Killed a centaur
  5080 | D:7      | Reached XP level 6. HP: 31/48 MP: 11/11
  5193 | D:5      | Entered Level 5 of the Dungeon
  5541 | D:4      | Reached skill level 1 in Evocations
  6382 | D:5      | Found a staircase to the Ecumenical Temple.
  6496 | D:6      | Reached XP level 7. HP: 45/53 MP: 12/12
  6521 | D:5      | Reached skill level 6 in Polearms
  7933 | D:7      | Noticed Pikel
  8279 | D:7      | Noticed a steam dragon
  8510 | D:7      | Reached skill level 7 in Polearms
  8859 | D:8      | Reached XP level 8. HP: 56/60 MP: 13/13
  8953 | D:8      | Reached skill level 5 in Translocations
  9963 | D:8      | Identified the +0 leather armour of the Eight Moons {Fly}
 10122 | D:9      | Reached skill level 8 in Polearms
 11310 | D:9      | Identified the +0 kite shield of the Desolation of Salt
                  | {Str+3 Slay+2}
 11846 | D:10     | Entered Level 10 of the Dungeon
 12242 | D:10     | Reached skill level 1 in Shields
 12357 | D:9      | Slain by a warg

Illustrated notes

Levels and vault maps discovered:
D:1:      lemuel_arrival_river_bridge, layout_basic,
          hellmonk_ecumenical_altar_run_dry, st_stairs_3, minmay_tromino_i2
D:2:      layout_loops_ring, basic_altar, serial_glass, glass_columns_b,
          glass_columns_a, glass_columns_a, glass_columns_b,
          minmay_strange_pillars, item_on_display_a, feat_on_display,
          due_unseen_surprise, serial_shops, nicolae_shop_statue_plus,
          kennysheep_generic_room_14
D:3:      layout_rooms, uniq_jessica
D:4:      layout_loops_cross
D:5:      layout_basic, minmay_temple_entry_enclosed_plants,
          chequers_serial_rivers_micro_b
D:6:      layout_loops_ring
D:7:      layout_cave_pools, okawaru_humans, kennysheep_minor_cross, uniq_pikel
D:8:      layout_basic, kennysheep_crisscross
D:9:      layout_stronghold
D:10:     lemuel_slime, layout_grid_maze,
          nicolae_dithmenos_through_a_glass_darkly, erik_lair_orcish_takeover,
          minmay_misc_feat_square, minmay_misc_feat_nine_boxes, minivault_19,
          minmay_misc_feat_five, hangedman_abyss_or_decor_clamps, minivault_22

Skill      XL: |  1  2  3  4  5  6  7  8 |
---------------+-------------------------+-----
Polearms       | 2 3 4 5 7 8 |  8.5
Translocations | 3 4 5 |  5.6
Stealth        | 1 2 |  2.0
Evocations     | 2 3 4 |  4.6
Fighting       | 2 |  2.2
Shields        | 1 |  1.1
Throwing       | |  0.8
Armour         | |  0.8
Dodging        | |  1.7
Spellcasting   | |  1.7

Action                   |  1- 3 |  4- 6 |  7- 9 || total
-------------------------+-------+-------+-------++-------
Melee: Spear             |    92 |    97 |       ||   189
       Trident           |       |   113 |   248 ||   361
       Punch             |       |       |     3 ||     3
 Fire: Hunting sling     |    65 |    31 |    10 ||   106
Throw: Dart              |     3 |     8 |    16 ||    27
       Stone             |     1 |     7 |     1 ||     9
       Boomerang         |       |     2 |     2 ||     4
 Cast: Blink             |    11 |     5 |    12 ||    28
       Teleport Other    |       |     1 |     9 ||    10
Evoke: Wand              |       |       |     4 ||     4
  Use: Potion            |       |       |     2 ||     2
Armor: Leather armour    |    27 |    12 |       ||    39
       Scale mail        |       |    86 |   115 ||   201
Dodge: Dodged            |    62 |   123 |   119 ||   304
Block: Kite shield       |       |       |    15 ||    15

Table legend: (Time is in decaauts)
 A = Elapsed time spent in this place.
 B = Non-inter-level travel time spent in this place.
 C = Inter-level travel time spent in this place.
 D = Time resting spent in this place.
 E = Time spent auto-exploring this place.
 F = Levels seen in this place.
 G = Mean time per level.
                   A        B        C        D        E       F      G
               +--------+--------+--------+--------+--------+-----+--------+
         Total |  12367 |  11590 |    777 |   3356 |   5512 |  10 | 1236.7 |
       Dungeon |  12367 |  11590 |    777 |   3356 |   5512 |  10 | 1236.7 |
               +--------+--------+--------+--------+--------+-----+--------+

Top non-repeatable levels by time:
     D:4: 1770 daAuts
     D:8: 1604 daAuts
     D:5: 1583 daAuts
     D:6: 1406 daAuts
     D:2: 1402 daAuts
     D:9: 1262 daAuts
     D:3: 1124 daAuts
     D:1: 984 daAuts
     D:7: 735 daAuts
    D:10: 493 daAuts
